 Dungeon Crawl Stone Soup version 0.26-a0-606-g3c8f2f65f7 (webtiles) character file.

Game seed: 13562871825053486021

203 ANON1729 the Magician (level 5, -2/31 HPs)
             Began as a Mummy Conjurer on Sept 1, 2020.
             Was a Follower of Hepliaklqana.
             Killed from afar by an orc wizard (12 damage)
             ... with a puff of flame
             ... on level 2 of the Dungeon.
             The game lasted 00:08:43 (3182 turns).

ANON1729 the Magician (Mummy Conjurer)              Turns: 3182, Time: 00:08:44

Health: -2/31      AC:  2    Str: 10    XL:     5   Next: 51%
Magic:  0/11       EV: 12    Int: 19    God:    Hepliaklqana [*.....]
Gold:   112        SH:  0    Dex: 10    Spells: 9/12 levels left

rFire    x . .     SeeInvis .   (no weapon)
rCold    + . .     Faith    .   (no shield)
rNeg     + + +     Spirit   .   a - +0 robe
rPois    ∞         Reflect  .   (no helmet)
rElec    .         Harm     .   (no cloak)
rCorr    .                      (no gloves)
MR       .....                  (no boots)
Stlth    ++........             (no amulet)
HPRegen  0.10/turn              (no ring)
MPRegen  0.12/turn              (no ring)

@: no status effects
A: no potions, fire vulnerability, reduced essence, cold resistance 1, negative
energy resistance 3, torment resistance, unbreathing
a: Recall Ancestor, Ancestor Identity, Renounce Religion


You were on level 2 of the Dungeon.
You worshipped Hepliaklqana.
Hepliaklqana was aware of your devotion.
You visited 1 branch of the dungeon, and saw 3 of its levels.

You collected 112 gold pieces.

Inventory:

Armour
 a - a +0 robe (worn)
 h - +0 pearl dragon scales
Scrolls
 b - 3 scrolls of identify {unknown}
 c - 2 scrolls of teleportation {unknown}
 d - a scroll of magic mapping {unknown}
 e - a scroll of immolation {unknown}
 f - a scroll of fear {unknown}
 g - a scroll of fog {unknown}
 i - a scroll of enchant armour {unknown}
 j - a scroll of noise {unknown}


   Skills:
 + Level 0.1 Armour
 + Level 2.6 Dodging
 + Level 2.9 Stealth
 + Level 4.2 Spellcasting
 * Level 4.0 Conjurations


You had 9 spell levels left.
You knew the following spells:

 Your Spells              Type           Power        Failure   Level
a - Magic Dart            Conj           ###.         2%          1
b - Searing Ray           Conj           ###...       3%          2

Your spell library contained the following spells:

 Spells                   Type           Power        Failure   Level
 Conjure Flame            Conj/Fire      ##......     19%         3
 Dazzling Flash           Conj/Hex       ##....       19%         3
 Blink                    Tloc           N/A          21%         2
 Call Imp                 Summ           #.......     21%         2
 Slow                     Hex            #.......     21%         2
 Mephitic Cloud           Conj/Pois/Air  #.......     24%         3
 Fulminant Prism          Conj/Hex       ##........   52%         4
 Iskenderun's Mystic Bla  Conj/Tloc      ##......     52%         4


Dungeon Overview and Level Annotations

Branches:
Dungeon (3/15)

Altars:
Cheibriados
Hepliaklqana


Innate Abilities, Weirdness & Mutations

You do not drink.
Your flesh is vulnerable to fire.
You are immune to poison.
Your flesh is cold resistant. (rC+)
You are immune to negative energy. (rN+++)
You are immune to unholy pain and torment.
You can survive without breathing.
Your life essence is reduced to manifest your ancestor. (-10% HP)


Message History

* * * LOW HITPOINT WARNING * * *
Casting: Magic Dart (safe; 2% risk of failure)
Confirm with . or Enter, or press ? or * to list all spells.
Aiming: Magic Dart (safe; 2% risk of failure)
Press: ? - help, Shift-Dir - straight line, f/p - orc wizard
Aim: an orc wizard, wielding a +0 dagger and wearing a +0 robe (moderately wounded, fast)
The magic dart hits the orc wizard.
The orc wizard is heavily wounded.
The orc wizard hits you but does no damage.
The orc wizard barely misses you.
Casting: Magic Dart (safe; 2% risk of failure)
Confirm with . or Enter, or press ? or * to list all spells.
Aiming: Magic Dart (safe; 2% risk of failure)
Press: ? - help, Shift-Dir - straight line, f/p - orc wizard
Aim: an orc wizard, wielding a +0 dagger and wearing a +0 robe (heavily wounded, fast)
The magic dart hits the orc wizard but does no damage.
The orc wizard is heavily wounded.
The orc wizard points at you and mumbles some strange words.
The puff of flame hits you! The fire burns you terribly!
You die...

#≈≈...≈.≈....≈#
####..######### # #.## #
#.# # #.# ############# #
##.## #...........# #
#...# #...........#
###.#.#######..o[)......#
............'..)@)....(.#
###.###.#####...).......#
# #.###.# #...........# #
#...#.# #...........# #
###.#.### #...........# #
#.#...# #...........# #
#.###.###...........#
#####.#.......!.[.......#
...#..#...###...........#


You could see an orc wizard (fast).

Vanquished Creatures
  An orc priest (D:1)
  3 orc wizards (D:2)
  4 adders
  A worm (D:2)
  A dart slug (D:2)
  A leopard gecko (D:1)
  5 orcs
  A bat (D:2)
  A giant cockroach (D:1)
  6 goblins
  4 hobgoblins (D:1)
  A jackal (D:3)
  A kobold (D:1)
  3 frilled lizards
  2 rats
35 creatures vanquished.

Vanquished Creatures (collateral kills)
  A worm (D:2)
  5 orcs
  A goblin (D:2)
  A jackal (D:2)
8 creatures vanquished.

Vanquished Creatures (others)
  3 ancestors
3 creatures vanquished.

Grand Total: 46 creatures vanquished

Notes
Turn   | Place    | Note
-------+----------+-------------------------------------------
     0 | D:1      | ANON1729 the Mummy Conjurer began the quest for the Orb.
     0 | D:1      | Reached XP level 1. HP: 13/13 MP: 4/4
   463 | D:1      | Reached XP level 2. HP: 18/19 MP: 0/5
  1206 | D:2      | Reached XP level 3. HP: 11/24 MP: 0/7
  1367 | D:2      | Found a snail-covered altar of Cheibriados.
  1411 | D:2      | Found a faded altar of an unknown god.
  1446 | D:2      | Learned a level 2 spell: Searing Ray
  1462 | D:2      | Became a worshipper of Hepliaklqana the Forgotten
  1462 | D:2      | Reached * piety under Hepliaklqana
  1925 | D:1      | Reached XP level 4. HP: 3/27 MP: 0/9
  2497 | D:2      | Reached XP level 5. HP: 24/31 MP: 1/11
  3182 | D:2      | Killed from afar by an orc wizard

Illustrated notes

Levels and vault maps discovered:
D:1:      minmay_arrival_split_and_join, layout_basic, kennysheep_small_spiral,
          minmay_hedge_maze, chequers_serial_rivers_small_b
D:2:      layout_basic, chequers_ecumenical_altar_island, kennysheep_slug_shrine
D:3:      corexii_shack_village, layout_basic, overflow_temple_1_default

Skill      XL: |  1  2  3  4  5 |
---------------+----------------+-----
Spellcasting   | 3 4 |  4.2
Stealth        | 2 |  2.9
Dodging        | 2 |  2.6
Conjurations   | 4 |  4.0
Armour         | |  0.1

Action                   |  1- 3 |  4- 6 || total
-------------------------+-------+-------++-------
Melee: Unarmed           |    11 |    56 ||    67
 Cast: Magic Dart        |    59 |    24 ||    83
       Searing Ray       |     2 |     2 ||     4
Armor: Robe              |     2 |     3 ||     5
       Pearl dragon scal |       |    32 ||    32
Dodge: Dodged            |    13 |    42 ||    55

Table legend: (Time is in decaauts)
 A = Elapsed time spent in this place.
 B = Non-inter-level travel time spent in this place.
 C = Inter-level travel time spent in this place.
 D = Time resting spent in this place.
 E = Time spent auto-exploring this place.
 F = Levels seen in this place.
 G = Mean time per level.
                   A        B        C        D        E       F      G
               +--------+--------+--------+--------+--------+-----+--------+
         Total |   3204 |   3162 |     42 |   1618 |    993 |   3 | 1068.0 |
       Dungeon |   3204 |   3162 |     42 |   1618 |    993 |   3 | 1068.0 |
               +--------+--------+--------+--------+--------+-----+--------+

Top non-repeatable levels by time:
     D:2: 1603 daAuts
     D:1: 1503 daAuts
     D:3: 96 daAuts
